 Dungeon Sprint DCSS version 0.21-a0-49-g7bf2ba4 (webtiles) character file.

114 Kidiri the Skirmisher (level 4, -3/45 HPs)
             Began as a Hill Orc Monk on June 10, 2017.
             Was a Believer of Wu Jian.
             Slain by a human (9 damage)
             ... in the Dungeon (Sprint III: "The Ten Rune Challenge").
             The game lasted 00:03:27 (606 turns).

Kidiri the Skirmisher (Hill Orc Monk)                Turns: 606, Time: 00:03:28

Health: -3/45      AC:  2    Str: 13    XL:     4   Next: 98%
Magic:  4/4        EV: 14    Int: 10    God:    Wu Jian [**....]
Gold:   19         SH:  0    Dex: 14    Spells: 3/3 levels left

rFire    . . .     SeeInvis .   a - +0 falchion
rCold    . . .     Gourm    .   (no shield)
rNeg     . . .     Faith    .   b - +0 robe
rPois    .         Spirit   .   (helmet restricted)
rElec    .         Reflect  .   (no cloak)
rCorr    .         Harm     .   (no gloves)
MR       .....     NoTele   +   (no boots)
Stlth    ++........             (no amulet)
Regen    0.2/turn               (no ring)
MPRegen  0.1/turn               (no ring)

@: hasted, very quick
A: beak, high mp 1
a: Renounce Religion


You were in the Dungeon.
You worshipped Wu Jian.
Wu Jian was pleased with you.
You were not hungry.

You visited 1 branch You collected 19 gold pieces.

Inventory:

Hand Weapons
 a - a +0 falchion (weapon)
Armour
 b - a +0 robe (worn)
Scrolls
 i - a scroll of blinking
 m - a scroll of immolation {unknown}
 n - a scroll of recharging {unknown}
 o - a scroll of identify {unknown}
 q - a scroll of holy word {unknown}
 r - a scroll of magic mapping {unknown}
 s - 2 scrolls of remove curse
Potions
 d - a potion of curing
 g - 2 potions of magic
 k - a potion of degeneration {unknown}
 l - 5 potions of flight
 p - a potion of brilliance {unknown}
Comestibles
 c - 2 bread rations
 t - a fruit


   Skills:
 * Level 6.6 Fighting
 * Level 6.1 Long Blades
 + Level 3.2 Armour
 * Level 4.6 Dodging
 + Level 3.1 Stealth


You had 3 spell levels left.
You didn't know any spells.

Dungeon Overview and Level Annotations

Branches:
Dungeon (1/1)

Altars:
Okawaru
Trog
Uskayaw
Wu Jian
Beogh


Innate Abilities, Weirdness & Mutations

You have a beak for a mouth.
You have an increased reservoir of magic. (+10% MP)


Message History

You spin and attack the human.
You hit the human.
The human is moderately wounded.
Things that are here:
a dagger; a robe You spin and attack the human.
You hit the human.
The human is heavily wounded.
You spin and attack the human.
You hit the human but do no damage.
The human is heavily wounded.
The human closely misses you.
You riposte.
You barely miss the human. Your peck misses the human.
The human is heavily wounded.
Things that are here:
a dagger; a robe You spin and attack the human.
You barely miss the human. You peck the human, but do no damage.
The human is heavily wounded.
You spin and attack the human.
You barely miss the human. You peck the human.
The human is heavily wounded.
The human hits you!
You die...

▓▓▓▓▓▓▓▓▓ ▓▓▓
▓<..#...#### ##.# ##
▓...#..@...#####..# #_
▓..##.)p....#..#..# #_
▓##.##.##...#..#..###+#'
##.##.###..##+#..#.....
▓#.####.##p.###...'.⌠...
▓.###..##..####...#...##
▓#..÷..##..###..p.#.⌠.#
###..##...##.....#...#
##..##....#......#+###


You could see 2 humans.

Vanquished Creatures
  A water elemental (D)
  Jessica (D)
  A human (D)
  An ooze (D)
  A phantom (D)
  2 rats (D)
7 creatures vanquished.

Vanquished Creatures (others)
  2 draconian scorchers (D)
  6 hellions (D)
  2 yaktaurs (D)
10 creatures vanquished.

Grand Total: 17 creatures vanquished

Notes
Turn   | Place    | Note
-------+----------+-------------------------------------------
     0 | D        | Kidiri the Hill Orc Monk began the quest for the Orb.
     0 | D        | Reached XP level 1. HP: 19/19 MP: 1/1
    40 | D        | Killed a yaktaur
    89 | D        | Reached skill level 1 in Armour
    96 | D        | Killed a hellion
   104 | D        | Noticed Jessica
   122 | D        | Killed Jessica
   122 | D        | Reached skill level 5 in Fighting
   122 | D        | Reached XP level 2. HP: 24/29 MP: 2/2
   122 | D        | Reached XP level 3. HP: 30/36 MP: 3/3
   142 | D        | Killed a white draconian scorcher
   178 | D        | Killed a hellion
   186 | D        | Killed a white draconian scorcher
   194 | D        | Killed a yaktaur
   195 | D        | Killed a hellion
   222 | D        | Killed a hellion
   225 | D        | Reached skill level 5 in Long Blades
   228 | D        | Killed a hellion
   244 | D        | Gained mutation: You have large cloven feet. [potion of mutation]
   244 | D        | Gained mutation: Your spells are a little easier to cast, but a little less powerful. [potion of mutation]
   244 | D        | Gained mutation: You are agile. (Dex +2) [potion of mutation]
   245 | D        | Lost mutation: You are agile. (Dex +2) [potion of mutation]
   245 | D        | Lost mutation: Your spells are a little easier to cast, but a little less powerful. [potion of mutation]
   245 | D        | Lost mutation: You have large cloven feet. [potion of mutation]
   245 | D        | Gained mutation: You have a pair of small antennae on your head. [potion of mutation]
   245 | D        | Gained mutation: Your system is resistant to poisons. (rPois) [potion of mutation]
   246 | D        | Lost mutation: You have a pair of small antennae on your head. [potion of mutation]
   246 | D        | Lost mutation: Your system is resistant to poisons. (rPois) [potion of mutation]
   246 | D        | Gained mutation: You have a beak for a mouth. [potion of mutation]
   246 | D        | Gained mutation: You have an increased reservoir of magic. (+10% MP) [potion of mutation]
   287 | D        | Killed a hellion
   320 | D        | Noticed a water elemental
   344 | D        | Killed a water elemental
   344 | D        | Reached XP level 4. HP: 16/45 MP: 4/4
   568 | D        | Found an ornate altar of the Wu Jian Council.
   568 | D        | Found an iron altar of Okawaru.
   569 | D        | Found a roughly hewn altar of Beogh.
   569 | D        | Found a bloodstained altar of Trog.
   569 | D        | Found a hide-covered altar of Uskayaw.
   569 | D        | Noticed a human
   569 | D        | Noticed a human
   571 | D        | Became a worshipper of the Wu Jian Council
   571 | D        | Reached * piety under Wu Jian
   571 | D        | Reached ** piety under Wu Jian
   606 | D        | Slain by a human

Vault maps used:
D:        dungeon_sprint_mu

Skill      XL: |  1  2  3 |
---------------+----------+-----
Fighting       | 5 6 |  6.6
Armour         | 2 3 |  3.2
Long Blades    | 4 6 |  6.1
Dodging        | 3 4 |  4.6
Stealth        | 2 3 |  3.1

Action                   |  1- 3 |  4- 6 || total
-------------------------+-------+-------++-------
Melee: Falchion          |    64 |    15 ||    79
       Peck              |     2 |     3 ||     5
  Use: Potion            |     5 |     1 ||     6
 Stab: Sleeping          |     3 |       ||     3
Armor: Robe              |     2 |     1 ||     3
Dodge: Dodged            |    50 |     8 ||    58
       Rpst.: Falchion   |    15 |     4 ||    19
